 Dungeon Crawl Stone Soup version 0.26-a0-474-gfaca0e1de5 (webtiles) character file.

Game seed: 3035865700086362648

4593 DeltaSign the Blocker (level 10, -1/92 HPs)
             Began as a Minotaur Fighter on July 31, 2020.
             Was a Priest of Okawaru.
             Slain by a fire dragon (6 damage)
             ... on level 9 of the Dungeon.
             The game lasted 00:19:04 (8790 turns).

DeltaSign the Blocker (Minotaur Fighter)            Turns: 8790, Time: 00:19:04

Health: -1/92      AC: 15    Str: 21    XL:     10   Next: 18%
Magic:  0/9        EV:  3    Int: 11    God:    Okawaru [***...]
Gold:   510        SH: 17    Dex: 13    Spells: 9/9 levels left

rFire    . . .     SeeInvis .   a - +0 war axe
rCold    . . .     Faith    .   w - +0 tower shield
rNeg     . . .     Spirit   +   B - +0 plate armour
rPois    .         Reflect  .   (helmet restricted)
rElec    .         Harm     .   r - +0 cloak
rCorr    +                      (no gloves)
MR       .....                  (no boots)
Stlth    ..........             q - amulet of guardian spirit
HPRegen  0.25/turn              f - ring of resist corrosion
MPRegen  0.11/turn              t - +6 ring of intelligence

@: mighty
A: retaliatory headbutt, horns 2
a: Heroism, Renounce Religion


You were on level 9 of the Dungeon.
You worshipped Okawaru.
Okawaru was most pleased with you.
You visited 1 branch of the dungeon, and saw 9 of its levels.

You collected 510 gold pieces.

Inventory:

Hand Weapons
 a - a +0 war axe (weapon)
Armour
 r - a +0 cloak (worn)
 w - a +0 tower shield (worn)
 B - a +0 plate armour (worn)
Jewellery
 f - a ring of resist corrosion (left hand)
 q - an amulet of guardian spirit (around neck)
 t - a +6 ring of intelligence (right hand)
Wands
 h - a wand of paralysis (8)
 v - a wand of digging (17)
 y - a wand of random effects (20)
 z - a wand of iceblast (7)
 A - a wand of flame (15)
Scrolls
 c - 2 scrolls of vulnerability
 k - 2 scrolls of remove curse
 l - 5 scrolls of teleportation
 m - 4 scrolls of amnesia
 n - a scroll of fear
 u - a scroll of blinking
 C - a scroll of magic mapping
Potions
 b - 2 potions of heal wounds
 d - 3 potions of curing {unknown}
 e - 3 potions of lignification
 g - 3 potions of magic
 i - a potion of flight {unknown}
 j - 3 potions of stabbing
 o - a potion of might
 p - 3 potions of brilliance
 s - 3 potions of resistance {unknown}
 x - 3 potions of degeneration {unknown}
 D - a potion of invisibility {unknown}


   Skills:
 + Level 9.6 Fighting
 + Level 9.3 Axes
 + Level 9.6 Armour
 + Level 9.7 Shields


You had 9 spell levels left.
You didn't know any spells.
Your spell library was empty.

Dungeon Overview and Level Annotations

Branches:
Dungeon (9/15)             Temple (0/1) D:7             Orc (0/2) D:9
   Lair: D:8-11

Altars:
Dithmenos
Elyvilon
Gozag
Nemelex Xobeh
Okawaru
Qazlal
Ru
Xom
Yredelemnul
The Shining One

Shops:
D:4 ?[(   D:7 !

Annotations:
D:4 3 runed translucent doors, ReteAZ's ghost, novice KoBr; bgiannan's ghost, amateur GrFi


Innate Abilities, Weirdness & Mutations

You reflexively headbutt those who attack you in melee.
You have a pair of horns on your head.


Message History

The fire dragon claws you.
* * * LOW HITPOINT WARNING * * *
The fire dragon tramples you but does no damage.
The fire dragon bites you.
* * * LOW HITPOINT WARNING * * *
The fire dragon claws you but does no damage.
The fire dragon tramples you.
* * * LOW HITPOINT WARNING * * *
You stumble backwards!
You feel much better. The fire dragon bites you!
* * * LOW HITPOINT WARNING * * *
The fire dragon claws you.
* * * LOW HITPOINT WARNING * * *
The fire dragon completely misses you.
You slash the fire dragon!
The fire dragon is moderately wounded.
The fire dragon bites you!
* * * LOW HITPOINT WARNING * * *
You block the fire dragon's attack. The fire dragon tramples you.
You die...

≈≈≈≈≈≈≈...##
#≈≈≈≈≈≈.≈≈#
#≈..≈≈≈≈≈≈#
#.....≈≈≈≈#
#......≈≈#
#...$.[..#
##....?..#
#...D..##
#...@..#
##....##
##..## #..#
#.## #.#
##.# #..#
#### #.##


You could see a fire dragon.

Vanquished Creatures
  Harold (D:7)
  A troll (D:9)
  Prince Ribbit (D:7)
  2 hippogriffs
  A wyvern (D:9)
  3 sky beasts
  An ice beast (D:9)
  2 phantoms
  4 orc warriors
  An ogre (D:4)
  4 centaurs
  3 bullfrogs
  A gnoll sergeant (D:6)
  2 scorpions
  4 killer bees (D:8)
  2 electric eels
  A howler monkey (D:4)
  A quasit (D:9)
  4 hounds
  A bullfrog skeleton (D:6)
  5 orc priests
  4 orc wizards
  4 iguanas
  6 worker ants
  2 hound skeletons
  A worker ant zombie (D:2)
  9 gnolls
  7 adders
  A white imp (D:9)
  An adder zombie (D:8)
  An adder skeleton (D:4)
  2 dart slugs
  8 leopard geckos
  27 orcs
  4 bats
  2 giant cockroaches
  7 hobgoblins
  12 jackals
  A quokka (D:6)
  A ball python (D:2)
  5 frilled lizards
  6 goblins
  4 kobolds
  2 quokka skeletons
  A quokka zombie (D:8)
  3 rats
166 creatures vanquished.

Vanquished Creatures (others)
  A withered plant (D:4)
1 creature vanquished.

Grand Total: 167 creatures vanquished

Notes
Turn   | Place    | Note
-------+----------+-------------------------------------------
     0 | D:1      | DeltaSign the Minotaur Fighter began the quest for the Orb.
     0 | D:1      | Reached XP level 1. HP: 19/19 MP: 0/0
    80 | D:1      | Reached XP level 2. HP: 20/27 MP: 1/1
   947 | D:2      | Found a shadowy altar of Dithmenos.
  1023 | D:2      | Reached XP level 3. HP: 33/33 MP: 2/2
  1525 | D:3      | Found a faded altar of an unknown god.
  1641 | D:3      | Reached XP level 4. HP: 41/41 MP: 3/3
  1671 | D:3      | Reached XP level 5. HP: 30/47 MP: 4/4
  2064 | D:3      | Found a basalt altar of Yredelemnul.
  2305 | D:4      | Found Jathruti's Magic Scroll Shoppe.
  2362 | D:4      | Reached skill level 5 in Fighting
  2640 | D:4      | Found a stormy altar of Qazlal.
  2656 | D:4      | Found Gawuakit's Armour Shoppe.
  2698 | D:4      | Reached skill level 5 in Armour
  2703 | D:4      | Reached skill level 5 in Shields
  2706 | D:4      | Reached XP level 6. HP: 45/56 MP: 5/5
  2852 | D:4      | Found a runed translucent gate.
  2852 | D:4      | Found a runed translucent gate.
  2856 | D:4      | Found a runed translucent gate.
  2857 | D:4      | Noticed bgiannan's ghost (amateur GrFi)
  2857 | D:4      | Noticed ReteAZ's ghost (novice KoBr)
  3004 | D:4      | Found Teiwub's Antique Weapon Boutique.
  3211 | D:5      | Entered Level 5 of the Dungeon
  3214 | D:5      | Found a basalt altar of Yredelemnul.
  3397 | D:5      | Noticed a sky beast
  3404 | D:5      | Killed a sky beast
  3404 | D:5      | Reached skill level 5 in Axes
  3404 | D:5      | Reached XP level 7. HP: 55/62 MP: 6/6
  4002 | D:5      | Noticed a hippogriff
  4010 | D:5      | Killed a hippogriff
  4010 | D:5      | Reached XP level 8. HP: 47/71 MP: 7/7
  4128 | D:5      | Found a white marble altar of Elyvilon.
  4388 | D:5      | Found an opulent altar of Gozag.
  4392 | D:5      | Found an iron altar of Okawaru.
  4416 | D:5      | Became a worshipper of Warmaster Okawaru
  4421 | D:5      | Found a shimmering altar of Xom.
  5079 | D:6      | Found a sparkling altar of Nemelex Xobeh.
  5570 | D:7      | Noticed Harold
  5585 | D:7      | Killed Harold
  5585 | D:7      | Reached * piety under Okawaru
  5585 | D:7      | Reached XP level 9. HP: 47/81 MP: 5/8
  5755 | D:7      | Noticed Prince Ribbit
  5910 | D:7      | Found Sexidut's Distillery.
  5965 | D:7      | Reached ** piety under Okawaru
  6470 | D:7      | Found a staircase to the Ecumenical Temple.
  6553 | D:7      | Killed Prince Ribbit
  6689 | D:7      | Found a glowing golden altar of the Shining One.
  7284 | D:8      | Found a sacrificial altar of Ru.
  8216 | D:9      | Reached XP level 10. HP: 88/91 MP: 9/9
  8253 | D:9      | Reached *** piety under Okawaru
  8473 | D:9      | Found a staircase to the Orcish Mines.
  8617 | D:9      | Found a sparkling altar of Nemelex Xobeh.
  8775 | D:9      | Noticed a fire dragon
  8788 | D:9      | HP: 4/92 [fire dragon (3)]
  8790 | D:9      | Slain by a fire dragon

Illustrated notes

Levels and vault maps discovered:
D:1:      dpeg_arrival_tiny_d, layout_basic
D:2:      layout_loops_ring, grunt_dithmenos_smoke_and_mirrors
D:3:      layout_basic, old_standard_altar, chequers_ecumenical_altar_simple
D:4:      layout_loops_cross, grunt_qazlal_clouds, serial_shops, shop, shop,
          nicolae_shop_stone, gammafunk_ghost_cemetery, item_on_display_a
D:5:      layout_layer_cave, minmay_overflow_temple_star_quad,
          kennysheep_little_box, basic_altar, minmay_misc_feat_enclosed,
          serial_bayou_crossing
D:6:      layout_loops_ring, lemuel_coloured_pillars_altar
D:7:      layout_cave_pods, kennysheep_mini, minmay_temple_entry_statues,
          serial_shops, shop, serial_bayou_ford_a, uniq_harold,
          uniq_prince_ribbit1
D:8:      layout_basic, overflow_temple_1_default
D:9:      dragon1_lemuel, layout_loops_ring, minmay_orc_entry_temple_small,
          special_room [special_room_bee], nemelex_lonely_heart_becter

Skill      XL: |  1  2  3  4  5  6  7  8  9 |
---------------+----------------------------+-----
Fighting       | 4 5 6 8 9 |  9.6
Armour         | 4 5 6 8 9 |  9.6
Shields        | 4 5 6 8 9 |  9.7
Axes           | 3 4 5 6 7 9 |  9.3

Action                   |  1- 3 |  4- 6 |  7- 9 | 10-12 || total
-------------------------+-------+-------+-------+-------++-------
Melee: War axe           |    76 |   102 |   259 |    57 ||   494
       Headbutt          |     6 |    14 |    45 |    13 ||    78
Evoke: Wand              |       |       |     2 |     2 ||     4
  Use: Scroll            |     3 |     2 |     8 |       ||    13
       Potion            |       |       |     2 |     2 ||     4
Armor: Scale mail        |    10 |       |       |       ||    10
       Chain mail        |    32 |    63 |    77 |       ||   172
       Plate armour      |       |       |    25 |    38 ||    63
Dodge: Dodged            |    12 |    36 |    28 |     9 ||    85
Block: Kite shield       |    51 |    63 |     9 |       ||   123
       Tower shield      |       |       |   220 |    55 ||   275

Table legend: (Time is in decaauts)
 A = Elapsed time spent in this place.
 B = Non-inter-level travel time spent in this place.
 C = Inter-level travel time spent in this place.
 D = Time resting spent in this place.
 E = Time spent auto-exploring this place.
 F = Levels seen in this place.
 G = Mean time per level.
                   A        B        C        D        E       F      G
               +--------+--------+--------+--------+--------+-----+--------+
         Total |   8950 |   8766 |    184 |   1359 |   6221 |   9 |  994.4 |
       Dungeon |   8950 |   8766 |    184 |   1359 |   6221 |   9 |  994.4 |
               +--------+--------+--------+--------+--------+-----+--------+

Top non-repeatable levels by time:
     D:5: 1682 daAuts
     D:7: 1619 daAuts
     D:8: 1013 daAuts
     D:4: 943 daAuts
     D:1: 862 daAuts
     D:3: 848 daAuts
     D:6: 722 daAuts
     D:9: 644 daAuts
     D:2: 614 daAuts
